 Dungeon Crawl Stone Soup version 0.27.1-33-g824d729ab1 (webtiles) character file.

Game seed: 3239051394591991341

326 pkoi the Ruffian (level 6, -9/51 HPs)
             Began as a Draconian Monk on Dec 15, 2021.
             Mangled by Edmund (13 damage)
             ... on level 4 of the Dungeon.
             The game lasted 00:04:37 (2575 turns).

pkoi the Ruffian (Draconian Monk)                   Turns: 2575, Time: 00:04:38

Health: -9/51      AC: 11    Str: 14    XL:     6   Next: 24%
Magic:  6/6        EV: 12    Int: 12    God:
Gold:   123        SH:  0    Dex: 13    Spells: 5/5 levels left

rFire    . . .     SeeInvis .     - Unarmed
rCold    . . .     Faith    .   (no shield)
rNeg     . . .     Spirit   .   (armour unavailable)
rPois    .         Reflect  .   (helmet restricted)
rElec    .         Harm     .   (no cloak)
rCorr    .         Rampage  .   a - +0 pair of gloves
Will     .....     Rnd*Rage +   (no boots)
Stlth    ++........             (no amulet)
HPRegen  0.17/turn              d - +4 ring of protection
MPRegen  0.10/turn              (no ring)

@: flying, very slightly contaminated, invisible
A: AC +6, unfitting armour, cold-blooded, claws 1, berserk 1
a: no special abilities


You were on level 4 of the Dungeon.
You visited 1 branch of the dungeon, and saw 4 of its levels.

You collected 123 gold pieces.

Inventory:

Hand Weapons
 f - a +0 dagger
Missiles
 b - 13 boomerangs (quivered)
Armour
 a - a +0 pair of gloves (worn)
Jewellery
 d - a +4 ring of protection (left hand)
 j - a ring of flight
Scrolls
 g - a scroll of teleportation
 k - 2 scrolls of identify
Potions
 i - 2 potions of haste


   Skills:
 - Level 3.2 Fighting
 + Level 2.9 Dodging
 - Level 1.7 Stealth
 * Level 7.0 Unarmed Combat


You had 5 spell levels left.
You didn't know any spells.
Your spell library contained the following spells:

 Spells                   Type           Power      Damage    Failure   Level
 Conjure Flame            Conj/Fire      0%         6-21      69%         3
 Frozen Ramparts          Ice            0%         1d2       69%         3
 Ignite Poison            Fire/Tmut/Pois 0%         N/A       69%         3
 Ice Form                 Ice/Tmut       0%         N/A       97%         4
 Sticky Flame             Conj/Fire      0%         2d3       97%         4
 Summon Ice Beast         Ice/Summ       0%         N/A       97%         4


Dungeon Overview and Level Annotations

Branches:
Dungeon (4/15)
 Temple: D:4-7

Altars:

Annotations:
D:4 Edmund


Innate Abilities, Weirdness & Mutations

Your plain brown scales are hard. (AC +6)
You cannot fit into any form of body armour.
You are cold-blooded and may be slowed by cold attacks.
You have sharp fingernails.
You tend to lose your temper in combat.


Message History

You completely miss Edmund.
Edmund is moderately wounded.
Edmund barely misses you.
You hit Edmund.
Edmund is moderately wounded.
Edmund closely misses you.
You hit Edmund.
Edmund is moderately wounded.
Edmund hits you with a +4 dire flail of protection!
You hit Edmund but do no damage.
Edmund is moderately wounded.
Edmund closely misses you.
You hit Edmund.
Edmund is heavily wounded.
You punch Edmund!
Edmund is severely wounded.
Edmund hits you with a +4 dire flail of protection.
You closely miss Edmund.
Edmund is severely wounded.
Edmund asks, "Have you met my wondrous brother?"
Edmund barely misses you.
You hit Edmund but do no damage. You tail-slap Edmund.
Edmund is severely wounded.
Edmund hits you with a +4 dire flail of protection!
* * * LOW HITPOINT WARNING * * *
You hit Edmund.
Your tail-slap misses Edmund.
Edmund is almost dead.
Edmund hits you with a +4 dire flail of protection.
* * * LOW HITPOINT WARNING * * *
You catch the helpless Edmund completely off-guard!
You hit Edmund but do no damage. You tail-slap Edmund, but do no damage.
Edmund is almost dead.
Edmund hits you with a +4 dire flail of protection!
* * * LOW HITPOINT WARNING * * *
You barely miss Edmund.
Edmund is almost dead.
You hit Edmund but do no damage.
Your tail-slap misses Edmund.
Edmund is almost dead.
Edmund hits you with a +4 dire flail of protection!
You die...

.. #.######## ##
# .....#..##..
#.##...........
..............
##...........
#..##..#... . .
#...##@#†##....
###.>..#@....#.
.......#.#......#
#......#......#
#..##.........#
#P.............
#..#...........
.#+
#..#...........
...
#..#.........##


You could see Edmund.

Vanquished Creatures
  Grinder (D:3)
  An iguana (D:4)
  A hound skeleton (D:4)
  4 adders
  2 worms
  3 dart slugs
  8 endoplasms
  A giant cockroach (D:3)
  4 goblins
  8 hobgoblins
  5 quokkas
  6 ball pythons
  6 bats
  5 frilled lizards
  5 kobolds
  5 rats
65 creatures vanquished.

Vanquished Creatures (collateral kills)
  A dart slug (D:3)
  A rat (D:3)
2 creatures vanquished.

Grand Total: 67 creatures vanquished

Notes
Turn   | Place    | Note
-------+----------+-------------------------------------------
     0 | D:1      | pkoi the Draconian Monk began the quest for the Orb.
     0 | D:1      | Reached XP level 1. HP: 19/19 MP: 1/1
   161 | D:1      | Reached XP level 2. HP: 26/26 MP: 2/2
   439 | D:1      | Reached skill level 4 in Unarmed Combat
   809 | D:1      | Reached XP level 3. HP: 27/31 MP: 3/3
  1782 | D:3      | Noticed Grinder
  1786 | D:3      | Reached XP level 4. HP: 38/38 MP: 4/4
  1806 | D:3      | Paralysed by Grinder for 2 turns
  1819 | D:3      | Paralysed by Grinder for 5 turns
  1847 | D:3      | Killed Grinder
  1848 | D:3      | Reached skill level 6 in Unarmed Combat
  1848 | D:3      | Reached XP level 5. HP: 29/45 MP: 5/5
  2277 | D:3      | Reached XP level 6. HP: 51/51 MP: 6/6
  2378 | D:3      | Found a faded altar of an unknown god.
  2540 | D:4      | Noticed Edmund
  2548 | D:4      | Reached skill level 7 in Unarmed Combat
  2560 | D:4      | Gained mutation: You tend to lose your temper in combat.
                  | [potion of mutation]
  2560 | D:4      | Gained mutation: You have sharp fingernails. [potion of
                  | mutation]
  2575 | D:4      | Mangled by Edmund

Illustrated notes

Levels and vault maps discovered:
D:1:      ncdulo_lavacross, layout_loops_ring
D:2:      layout_rooms
D:3:      layout_rooms, shapermc_ecumenical_altar_mp_highgroup, uniq_grinder
D:4:      corexii_shack_village, layout_cave_pools, kennysheep_nondescript,
          uniq_edmund

Skill      XL: |  1  2  3  4  5  6 |
---------------+-------------------+-----
Unarmed Combat | 4 6 7 |  7.0
Fighting       | |  3.2
Dodging        | |  2.9
Stealth        | |  1.7

Action                   |  1- 3 |  4- 6 || total
-------------------------+-------+-------++-------
Melee: Unarmed           |   133 |   106 ||   239
       Tailslap          |    16 |    24 ||    40
       Punch             |     1 |     2 ||     3
Throw: Boomerang         |       |    15 ||    15
  Use: Scroll            |     4 |     2 ||     6
       Potion            |       |     4 ||     4
 Stab: Sleeping          |     7 |       ||     7
       Invisible         |       |     1 ||     1
Armor: Skin              |    41 |    26 ||    67
Dodge: Dodged            |    82 |    54 ||   136
